[Event "Malmo Open 2022"]
[Site "Malmo SWE"]
[Date "2022.12.16"]
[Round "1.1"]
[White "Ranby, Hans"]
[Black "Galperin, Platon"]
[Result "0-1"]
[WhiteElo "1864"]
[BlackElo "2530"]
[ECO "A16"]
[TimeControl "15 minutes + 5 seconds per move from move one (Round 1 - 4) / 90 minutes + 30 seconds per move from move one (Round 5 - 8)"]
[BlackTitle "GM"]
[WhiteFideId "1710311"]
[BlackFideId "14165414"]

1.c4 Nf6 2.Nc3 g6 3.b3 Bg7 4.Bb2 O-O 5.Nf3 d6 6.d4 e5 7.dxe5 dxe5 8.Qxd8 
Rxd8 9.Nxe5 Na6 10.Nd3 Bf5 11.O-O-O Ng4 12.h3 Nxf2 13.Nxf2 Bh6+ 14.Rd2 
Bxd2+ 15.Kd1 Bxc3+ 16.Kc1 Bxb2+ 17.Kxb2 Rd2+ 18.Kc3 Rad8 19.Nd3 Rxa2 20.g4
Bxd3 21.exd3 c5 22.b4 Nxb4 23.Rg1 Rd6 24.Bg2 Rxd3# 0-1

[Event "Malmo Open 2022"]
[Site "Malmo SWE"]
[Date "2022.12.16"]
[Round "1.2"]
[White "Hillarp, Tiger"]
[Black "Knudsen, Andre"]
[Result "1-0"]
[WhiteElo "2523"]
[BlackElo "1860"]
[ECO "D35"]
[TimeControl "15 minutes + 5 seconds per move from move one (Round 1 - 4) / 90 minutes + 30 seconds per move from move one (Round 5 - 8)"]
[WhiteTitle "GM"]
[WhiteFideId "1700812"]
[BlackFideId "1723650"]

1.d4 Nf6 2.c4 e6 3.Nc3 d5 4.cxd5 exd5 5.Bg5 c6 6.e3 Be7 7.Bd3 Ne4 8.Bxe7 
Qxe7 9.Qc2 Nxc3 10.bxc3 Nd7 11.Nf3 h6 12.O-O O-O 13.c4 dxc4 14.Bxc4 Nb6 
15.Bd3 Nd5 16.a3 Bg4 17.Ne5 Bh5 18.Rfc1 f6 19.Nc4 Bf7 20.Na5 Nb6 21.Nb3 
Bxb3 22.Qxb3+ Qf7 23.Qb2 Rfd8 24.Rab1 Rab8 25.Qb4 Kh8 26.a4 Nd5 27.Qb3 Qe7
28.Rxc6 Nb4 29.Re6 Qd7 30.Bf5 Qd5 31.Qxd5 Nxd5 32.Bg6 Rd7 33.h4 Ne7 34.h5 
Nxg6 35.hxg6 Kg8 36.Kh2 Kf8 37.Rc1 Re8 38.Rxe8+ Kxe8 39.Rc8+ Ke7 40.g4 Kd6
41.Kg3 b6 42.f4 Rb7 43.e4 a6 44.e5+ fxe5 45.dxe5+ Ke7 46.f5 b5 47.Rg8 Kd7 
48.Rxg7+ Kc6 49.Rxb7 Kxb7 50.axb5 1-0

[Event "Malmo Open 2022"]
[Site "Malmo SWE"]
[Date "2022.12.16"]
[Round "1.3"]
[White "Sikstrom, Pontus"]
[Black "Kucuksari, Kaan"]
[Result "1-0"]
[WhiteElo "1858"]
[BlackElo "2492"]
[ECO "B03"]
[TimeControl "15 minutes + 5 seconds per move from move one (Round 1 - 4) / 90 minutes + 30 seconds per move from move one (Round 5 - 8)"]
[BlackTitle "IM"]
[WhiteFideId "1768034"]
[BlackFideId "6380166"]

1.e4 Nf6 2.e5 Nd5 3.d4 d6 4.c4 Nb6 5.exd6 cxd6 6.Nc3 g6 7.Be3 Bg7 8.Rc1 
O-O 9.b3 Nc6 10.d5 Ne5 11.Be2 Re8 12.f4 Ned7 13.Nf3 e6 14.Bd4 exd5 15.Bxg7
Kxg7 16.O-O dxc4 17.Nb5 d5 18.bxc4 Nf6 19.c5 Nc4 20.Bxc4 dxc4 21.Nd6 Re3 
22.Qd4 Rd3 23.Qxc4 Rd5 24.Ng5 Be6 25.Nxe6+ fxe6 26.Nxb7 Qc7 27.c6 Rc8 28.
Rfe1 Qb6+ 29.Kh1 Ng4 30.h3 Nf2+ 31.Kh2 Kf7 32.Rxe6 Kxe6 33.Re1+ Kf6 34.
Qxd5 Qxc6 35.Qd4+ Kf7 36.Nd6+ 1-0

[Event "Malmo Open 2022"]
[Site "Malmo SWE"]
[Date "2022.12.16"]
[Round "1.4"]
[White "Pantzar, Milton"]
[Black "Cong, Guanbo"]
[Result "1-0"]
[WhiteElo "2465"]
[BlackElo "1856"]
[ECO "E00"]
[TimeControl "15 minutes + 5 seconds per move from move one (Round 1 - 4) / 90 minutes + 30 seconds per move from move one (Round 5 - 8)"]
[WhiteTitle "IM"]
[WhiteFideId "1721003"]
[BlackFideId "1763466"]

1.d4 d5 2.c4 e6 3.Nf3 Nf6 4.g3 b6 5.cxd5 exd5 6.Nc3 Bb7 7.Bg2 Nbd7 8.Ne5 
Bb4 9.O-O Bxc3 10.bxc3 Nxe5 11.dxe5 Ne4 12.Qc2 O-O 13.c4 Nc5 14.cxd5 Re8 
15.Bb2 Rc8 16.Rad1 Ba6 17.Rfe1 Bb5 18.Rd2 Qd7 19.f4 Ba4 20.Qc3 Bb5 21.Qd4 
Na4 22.Ba1 Qd8 23.e4 c6 24.d6 Qd7 25.f5 Nc5 26.Bh3 a5 27.Qe3 Rcd8 28.Rc1 
Ba4 29.Qf4 Kh8 30.Qh4 Bb5 31.Rxc5 bxc5 32.e6 fxe6 33.fxe6 Rxe6 34.Bxe6 1-0

[Event "Malmo Open 2022"]
[Site "Malmo SWE"]
[Date "2022.12.16"]
[Round "1.6"]
[White "Hector, Jonny"]
[Black "Schriever-Abeln, Marius"]
[Result "1-0"]
[WhiteElo "2451"]
[BlackElo "1855"]
[ECO "B11"]
[TimeControl "15 minutes + 5 seconds per move from move one (Round 1 - 4) / 90 minutes + 30 seconds per move from move one (Round 5 - 8)"]
[WhiteTitle "GM"]
[WhiteFideId "1700090"]
[BlackFideId "1752650"]

1.e4 c6 2.Nc3 d5 3.Nf3 Bg4 4.h3 Bxf3 5.gxf3 Nf6 6.d4 e6 7.e5 Nfd7 8.Ne2 c5
9.c3 Nc6 10.a3 Qb6 11.Bg2 Be7 12.O-O O-O-O 13.b4 c4 14.a4 g5 15.a5 Qc7 16.
Qa4 f6 17.b5 Ncb8 18.f4 Rhg8 19.exf6 Bxf6 20.f5 Qd6 21.Ba3 Qc7 22.fxe6 Nf8
23.b6 axb6 24.axb6 Qc6 25.Qxc6+ Nxc6 26.Bxf8 Rgxf8 27.Ra8+ Nb8 28.Ng3 Rfe8
29.Re1 Rd6 30.Nf5 Rdxe6 31.Rxe6 Rxe6 32.Bxd5 Rxb6 33.Bxc4 Kc7 34.Ne3 Rb1+ 
35.Kg2 Nd7 36.Bd3 Rb3 37.Bc2 Rb2 38.Bxh7 Nb6 39.Rf8 Bd8 40.Rf7+ Kb8 41.Be4
Na4 42.Rf8 Kc7 43.Nd5+ Kd7 44.Bf5+ 1-0

[Event "Malmo Open 2022"]
[Site "Malmo SWE"]
[Date "2022.12.16"]
[Round "1.7"]
[White "Terochin, Piotr"]
[Black "Sorensen, Hampus"]
[Result "0-1"]
[WhiteElo "1852"]
[BlackElo "2442"]
[ECO "B22"]
[TimeControl "15 minutes + 5 seconds per move from move one (Round 1 - 4) / 90 minutes + 30 seconds per move from move one (Round 5 - 8)"]
[BlackTitle "IM"]
[WhiteFideId "1113682"]
[BlackFideId "8703884"]

1.e4 c5 2.c3 Nf6 3.e5 Nd5 4.d4 cxd4 5.cxd4 Nc6 6.Nc3 Nxc3 7.bxc3 d6 8.e6 
fxe6 9.Bd3 Qa5 10.Bd2 g6 11.h4 e5 12.c4 Qa3 13.Qf3 Bf5 14.Bxf5 Qxf3 15.
Bxg6+ hxg6 16.Nxf3 Nxd4 17.Nxd4 exd4 18.Rb1 b6 19.Ke2 Bg7 20.a4 Kf7 21.a5 
bxa5 22.Rb7 Bf6 23.g3 a4 24.Kd3 Rhb8 25.Rhb1 a3 26.Bc1 a2 27.Rxb8 Rxb8 28.
Ra1 Rb1 29.Rxa2 Rxc1 30.Rxa7 Rc3+ 0-1

[Event "Malmo Open 2022"]
[Site "Malmo SWE"]
[Date "2022.12.16"]
[Round "1.8"]
[White "Storme, Isak"]
[Black "Olsson, Paul"]
[Result "1-0"]
[WhiteElo "2433"]
[BlackElo "1848"]
[ECO "A80"]
[TimeControl "15 minutes + 5 seconds per move from move one (Round 1 - 4) / 90 minutes + 30 seconds per move from move one (Round 5 - 8)"]
[WhiteTitle "IM"]
[WhiteFideId "1728113"]
[BlackFideId "1704508"]

1.d4 e6 2.Nf3 f5 3.Nc3 Nf6 4.Bg5 d5 5.e3 Be7 6.Bd3 Ne4 7.Bxe7 Qxe7 8.Ne5 
O-O 9.O-O Nd7 10.f4 Ndf6 11.Ne2 c6 12.c4 Bd7 13.Bxe4 Nxe4 14.Nc3 Nf6 15.
Qb3 Be8 16.Kh1 Bh5 17.Rac1 Rac8 18.a3 b6 19.Qa4 dxc4 20.Qxc4 c5 21.d5 exd5
22.Nxd5 Nxd5 23.e4 b5 24.Qxd5+ Bf7 25.Qd3 fxe4 26.Qxe4 Bc4 27.Rfe1 Qe6 28.
Nxc4 Qxe4 29.Rxe4 bxc4 30.Rexc4 Rf5 31.g3 Rd5 32.b4 Rd3 33.Rxc5 Rxc5 34.
bxc5 1-0

[Event "Malmo Open 2022"]
[Site "Malmo SWE"]
[Date "2022.12.16"]
[Round "1.9"]
[White "Morell, Ludvig"]
[Black "Baskin, Robert"]
[Result "0-1"]
[WhiteElo "1840"]
[BlackElo "2426"]
[ECO "B68"]
[TimeControl "15 minutes + 5 seconds per move from move one (Round 1 - 4) / 90 minutes + 30 seconds per move from move one (Round 5 - 8)"]
[BlackTitle "IM"]
[WhiteFideId "1736779"]
[BlackFideId "24662402"]

1.e4 c5 2.Nf3 d6 3.d4 cxd4 4.Nxd4 Nf6 5.Nc3 Nc6 6.Bg5 e6 7.f4 Be7 8.Qd2 a6
9.O-O-O Bd7 10.Bxf6 Bxf6 11.Nxc6 Bxc6 12.Qxd6 Qxd6 13.Rxd6 g5 14.f5 Ke7 
15.Rd3 b5 16.a3 a5 17.Re3 Be5 18.Re1 b4 19.Ne2 bxa3 20.bxa3 Bxe4 21.Ng3 
Bf4+ 22.Kb1 Rab8+ 23.Ka2 Bxc2 24.Bc4 Rhc8 0-1

[Event "Malmo Open 2022"]
[Site "Malmo SWE"]
[Date "2022.12.16"]
[Round "1.10"]
[White "Olsen, Filip Boe"]
[Black "Malmgren, Lars-Goran"]
[Result "1-0"]
[WhiteElo "2424"]
[BlackElo "1838"]
[ECO "D02"]
[TimeControl "15 minutes + 5 seconds per move from move one (Round 1 - 4) / 90 minutes + 30 seconds per move from move one (Round 5 - 8)"]
[WhiteTitle "IM"]
[WhiteFideId "1440640"]
[BlackFideId "1708139"]

1.d4 Nf6 2.Nf3 d5 3.Bf4 g6 4.e3 Bg7 5.Be2 c5 6.O-O cxd4 7.exd4 O-O 8.h3 
Nc6 9.c3 Nd7 10.Nbd2 e5 11.dxe5 Ndxe5 12.Nxe5 Nxe5 13.Nf3 Nxf3+ 14.Bxf3 d4
15.c4 Qb6 16.Qb3 Qxb3 17.axb3 d3 18.Rfd1 Bxb2 19.Ra2 Bg7 20.Rxd3 a5 21.Bc7
Bf5 22.Rd1 Bc3 23.Bd6 Rfd8 24.Bxb7 Ra7 25.Bf3 h5 26.c5 Bb4 27.Rc1 Be6 28.
Bd1 Bd5 29.Re2 Bc6 30.Bc2 Bd5 31.Rd1 Bc6 32.Rd4 Bc3 33.Rf4 Bb5 34.Ree4 Bd2
35.Re7 Rxe7 36.Bxe7 Re8 37.Rd4 Bc3 38.Rd8 Rxd8 39.Bxd8 Kf8 40.Be4 Ke8 41.
Bb6 Kd7 42.Bd5 f6 43.g3 Bc6 44.Bf7 Be4 45.h4 Bf3 46.Bxg6 Bb4 47.Bf7 Bg4 
48.Bd5 Kc8 49.f3 Bf5 50.Kf2 Bg6 51.c6 Be8 52.Be6+ Kb8 53.c7+ Kb7 54.c8=Q+ 
Kxb6 55.Qxe8 1-0

[Event "Malmo Open 2022"]
[Site "Malmo SWE"]
[Date "2022.12.16"]
[Round "2.1"]
[White "Galperin, Platon"]
[Black "Marthedal, Anton Mehmet Yildiz"]
[Result "1-0"]
[WhiteElo "2530"]
[BlackElo "2054"]
[ECO "D20"]
[TimeControl "15 minutes + 5 seconds per move from move one (Round 1 - 4) / 90 minutes + 30 seconds per move from move one (Round 5 - 8)"]
[WhiteTitle "GM"]
[WhiteFideId "14165414"]
[BlackFideId "1441540"]

1.d4 d5 2.c4 dxc4 3.e4 b5 4.a4 c6 5.axb5 cxb5 6.Nc3 Qb6 7.b3 e6 8.bxc4 Bb4
9.Bd2 bxc4 10.Bxc4 Nf6 11.e5 Bxc3 12.Bxc3 Nd5 13.Bxd5 exd5 14.Rb1 Qg6 15.
Nf3 Qe4+ 16.Kf1 O-O 17.Kg1 Bg4 18.h3 Bxf3 19.gxf3 Qf5 20.Rb5 Rc8 21.Bd2 
Nd7 22.Kh2 Nb6 23.Rg1 Rc2 24.Qb1 Qd3 25.Be1 Rac8 26.Rc5 Qf5 27.Bd2 g6 28.
Rg2 Kh8 29.Bg5 Nd7 30.Rxd5 Nb6 31.Rc5 Rxf2 32.Rxc8+ Nxc8 33.Qxf5 Rxg2+ 34.
Kxg2 gxf5 35.Kg3 Kg7 36.Kf4 Nb6 37.Kxf5 a5 38.Ke4 a4 39.Bc1 Kg6 40.d5 f5+ 
41.Kd4 Kf7 42.e6+ Ke7 43.Kc5 Nc8 44.Bg5+ Ke8 45.d6 Nxd6 46.Kxd6 a3 47.Bc1 
a2 48.Bb2 h5 49.Ke5 h4 50.Kxf5 Ke7 51.Ke5 Ke8 52.f4 1-0

[Event "Malmo Open 2022"]
[Site "Malmo SWE"]
[Date "2022.12.16"]
[Round "2.2"]
[White "Sivhed, Johan"]
[Black "Hillarp, Tiger"]
[Result "0-1"]
[WhiteElo "2032"]
[BlackElo "2523"]
[ECO "B06"]
[TimeControl "15 minutes + 5 seconds per move from move one (Round 1 - 4) / 90 minutes + 30 seconds per move from move one (Round 5 - 8)"]
[BlackTitle "GM"]
[WhiteFideId "1711881"]
[BlackFideId "1700812"]

1.e4 g6 2.d4 Bg7 3.Nf3 d6 4.Bc4 e6 5.O-O Ne7 6.Bb3 b6 7.Re1 O-O 8.Nbd2 Bb7
9.Nf1 c5 10.c3 Nbc6 11.Ng3 Rc8 12.h4 Qc7 13.dxc5 dxc5 14.Qe2 Ne5 15.h5 c4 
16.Bc2 N7c6 17.hxg6 hxg6 18.Ng5 Rfd8 19.Bf4 Qe7 20.Rad1 b5 21.Be3 Rxd1 22.
Rxd1 Rd8 23.f4 Rxd1+ 24.Qxd1 Nd7 25.e5 Ncxe5 26.fxe5 Bxe5 27.Qg4 a6 28.Nf3
Bg7 29.Bd4 e5 30.Be3 Nf8 31.Nd2 Qd8 32.Qe2 Ne6 33.Be4 Bc8 34.Nf3 f5 35.Bc6
Kf7 36.Bc1 Qb6+ 37.Be3 Qxc6 38.Qd2 Bb7 39.Nh4 0-1

[Event "Malmo Open 2022"]
[Site "Malmo SWE"]
[Date "2022.12.16"]
[Round "2.3"]
[White "Joensson, Jacob"]
[Black "Pantzar, Milton"]
[Result "1/2-1/2"]
[WhiteElo "2028"]
[BlackElo "2465"]
[ECO "D37"]
[TimeControl "15 minutes + 5 seconds per move from move one (Round 1 - 4) / 90 minutes + 30 seconds per move from move one (Round 5 - 8)"]
[BlackTitle "IM"]
[WhiteFideId "1726315"]
[BlackFideId "1721003"]

1.d4 d5 2.c4 e6 3.Nf3 Nf6 4.Nc3 h6 5.Bf4 Bd6 6.Bg3 O-O 7.e3 a6 8.Qc2 Nc6 
9.Rd1 Bxg3 10.hxg3 Qe7 11.Be2 dxc4 12.Bxc4 b5 13.Be2 Nb4 14.Qb1 c5 15.a4 
bxa4 16.Nxa4 cxd4 17.Nxd4 Bb7 18.Bf3 Bxf3 19.gxf3 Rab8 20.O-O g6 21.Rc1 
Kg7 22.Kg2 a5 23.Nc6 Nxc6 24.Rxc6 Rfc8 25.Rfc1 Rxc6 26.Rxc6 Qb4 27.Qc2 h5 
28.Rc4 Qb3 29.Qc3 Qxc3 30.bxc3 Rb3 31.Rc5 Ra3 32.Nb6 Ra2 33.e4 a4 34.Ra5 
a3 35.Nc4 Rc2 36.Rxa3 g5 37.Ne3 Rb2 38.c4 Nd7 39.Ra5 Kf6 40.c5 Ne5 41.f4 
gxf4 42.gxf4 Nd3 43.c6 Ke7 44.Ra8 Rxf2+ 45.Kg1 Kd6 46.Rd8+ Kxc6 47.Rxd3 
Rxf4 48.Rd4 Kc5 49.Rc4+ Kd6 50.Kg2 Ke5 51.Nf1 Rg4+ 52.Kf3 Rf4+ 53.Kg2 Rxe4
54.Rc5+ Kf4 55.Rxh5 Re2+ 56.Kg1 f5 57.Rh4+ Kg5 58.Rh2 Re1 59.Kf2 Ra1 60.
Rh3 e5 61.Rg3+ Kf6 62.Rb3 f4 63.Nd2 Ra2 64.Ke1 Kf5 65.Rb5 Ra3 66.Ke2 Re3+ 
67.Kf2 Kg4 68.Ra5 Rd3 69.Ke2 e4 70.Nxe4 Re3+ 71.Kf2 Rxe4 72.Ra8 Re5 73.
Rg8+ Kf5 74.Rf8+ Ke4 75.Ra8 Rd5 76.Re8+ Re5 77.Rxe5+ Kxe5 78.Kf3 Kf5 79.
Kf2 Ke4 80.Ke2 f3+ 81.Kf2 Kf4 82.Kf1 Ke3 83.Ke1 f2+ 84.Kf1 Kf3 1/2-1/2

[Event "Malmo Open 2022"]
[Site "Malmo SWE"]
[Date "2022.12.16"]
[Round "2.4"]
[White "Fredericia, Louise"]
[Black "Hector, Jonny"]
[Result "1-0"]
[WhiteElo "1997"]
[BlackElo "2451"]
[ECO "A03"]
[TimeControl "15 minutes + 5 seconds per move from move one (Round 1 - 4) / 90 minutes + 30 seconds per move from move one (Round 5 - 8)"]
[WhiteTitle "WFM"]
[BlackTitle "GM"]
[WhiteFideId "1404113"]
[BlackFideId "1700090"]

1.f4 d5 2.Nf3 h6 3.d3 Bf5 4.Nc3 Nf6 5.e3 g5 6.Qe2 g4 7.Ne5 h5 8.e4 Bh7 9.
g3 e6 10.exd5 Nxd5 11.Bg2 Bb4 12.Bd2 c6 13.O-O Nd7 14.f5 Qb6+ 15.Kh1 Bxc3 
16.bxc3 Nxe5 17.Qxe5 O-O-O 18.c4 Qc7 19.Qe2 Nb6 20.fxe6 fxe6 21.Bf4 e5 22.
Bxe5 Rde8 23.d4 Qd7 24.Rae1 Qe6 25.d5 Qd7 26.Rf6 c5 27.Qf1 Bxc2 28.Rf7 Bd3
29.Qf6 Rh6 30.Rxd7 Rxf6 31.Rc7+ Kd8 32.Bxf6+ Kxc7 33.Rxe8 Nxc4 34.Bg5 b5 
35.Bf4+ Kd7 36.Ra8 a5 37.Ra7+ Kc8 38.d6 Bf5 39.Bc6 Nb6 40.Bxb5 c4 41.a4 
Bd7 42.Rc7+ Kd8 43.Bxd7 Nxd7 44.Rxc4 Nb6 45.Rd4 Kd7 46.Kg1 Nc8 47.Kf1 Na7 
48.Ke2 Nc6 49.Rd2 Nd8 50.Ke3 Ne6 51.Ke4 Nc5+ 52.Kf5 Nxa4 53.Rc2 Nb6 54.
Rc7+ Kd8 55.Kg5 a4 56.Ra7 Kc8 57.d7+ Nxd7 58.Rxd7 Kxd7 59.Be5 Ke6 60.Ba1 
a3 61.Kxh5 Kf5 62.Kh4 a2 63.Kh5 Ke4 64.Kxg4 Ke3 65.h4 Ke4 66.h5 Kd5 67.h6 
Ke6 1-0

[Event "Malmo Open 2022"]
[Site "Malmo SWE"]
[Date "2022.12.16"]
[Round "2.5"]
[White "Sorensen, Hampus"]
[Black "Tabaa, Ghayth"]
[Result "1-0"]
[WhiteElo "2442"]
[BlackElo "2044"]
[ECO "E11"]
[TimeControl "15 minutes + 5 seconds per move from move one (Round 1 - 4) / 90 minutes + 30 seconds per move from move one (Round 5 - 8)"]
[WhiteTitle "IM"]
[WhiteFideId "8703884"]
[BlackFideId "7603819"]

1.d4 Nf6 2.c4 e6 3.Nf3 Bb4+ 4.Bd2 Qe7 5.g3 Nc6 6.Nc3 Bxc3 7.Bxc3 Ne4 8.Rc1
d6 9.d5 Nxc3 10.Rxc3 Nb8 11.dxe6 Bxe6 12.Bg2 Nc6 13.Nd4 Nxd4 14.Qxd4 O-O 
15.O-O a5 16.Qf4 Rab8 17.b3 Rfe8 18.Rd1 h6 19.h4 Bd7 20.Re3 Qf8 21.c5 Bb5 
22.cxd6 cxd6 23.Rxe8 Qxe8 24.e3 Qe5 25.Rxd6 Qxf4 26.gxf4 Be2 27.Rb6 a4 28.
bxa4 Ra8 29.Rxb7 Rxa4 30.Bd5 Bh5 31.Rc7 g5 32.hxg5 hxg5 33.fxg5 Rg4+ 34.
Kf1 Rxg5 35.e4 Kg7 36.a4 Rg4 37.a5 Rh4 38.Ke1 Rh1+ 39.Kd2 Ra1 40.Rc5 Kf6 
41.Bb7 Ra2+ 42.Kc3 Be2 43.f4 Ra3+ 44.Kb4 Ra1 45.a6 Bxa6 46.Rc6+ Ke7 47.
Bxa6 Kf8 48.Bd3 1-0

[Event "Malmo Open 2022"]
[Site "Malmo SWE"]
[Date "2022.12.16"]
[Round "2.6"]
[White "Nielsen-Refs, Karl-Emil Elmer"]
[Black "Storme, Isak"]
[Result "0-1"]
[WhiteElo "1981"]
[BlackElo "2433"]
[ECO "D31"]
[TimeControl "15 minutes + 5 seconds per move from move one (Round 1 - 4) / 90 minutes + 30 seconds per move from move one (Round 5 - 8)"]
[BlackTitle "IM"]
[WhiteFideId "1452797"]
[BlackFideId "1728113"]

1.d4 d5 2.c4 e6 3.Nc3 a6 4.cxd5 exd5 5.Bf4 Nf6 6.Nf3 Bd6 7.Ne5 O-O 8.e3 
Re8 9.Bd3 Nbd7 10.Nxd7 Qxd7 11.Bg5 Ne4 12.Bh4 Qe6 13.O-O Qh6 14.Bg3 Nxg3 
15.hxg3 Rxe3 16.fxe3 Qxe3+ 17.Rf2 Bxg3 18.Bxh7+ Kh8 19.Qh5 Bxf2+ 20.Kf1 
Bg4 21.Qxg4 Kxh7 22.Qf5+ Kg8 23.Qxf2 Qd3+ 24.Kg1 Re8 25.Rf1 f6 26.Nxd5 Re2
27.Qf4 Re4 28.Qf5 Qxd4+ 29.Rf2 Re1+ 30.Kh2 Qh4+ 31.Qh3 Qxf2 32.Nxc7 Qf4+ 
33.Qg3 Rh1+ 34.Kxh1 Qxg3 35.Ne6 Qe1+ 0-1

[Event "Malmo Open 2022"]
[Site "Malmo SWE"]
[Date "2022.12.16"]
[Round "2.7"]
[White "Baskin, Robert"]
[Black "Mattsson, Michael"]
[Result "1-0"]
[WhiteElo "2426"]
[BlackElo "2032"]
[ECO "C88"]
[TimeControl "15 minutes + 5 seconds per move from move one (Round 1 - 4) / 90 minutes + 30 seconds per move from move one (Round 5 - 8)"]
[WhiteTitle "IM"]
[WhiteFideId "24662402"]
[BlackFideId "1708961"]

1.e4 e5 2.Nf3 Nc6 3.Bb5 a6 4.Ba4 Nf6 5.O-O b5 6.Bb3 Be7 7.Re1 O-O 8.a4 b4 
9.a5 d6 10.c3 Rb8 11.Bc4 Re8 12.h3 Bf8 13.d4 exd4 14.cxd4 Nxe4 15.Bd5 Nxf2
16.Kxf2 Rxe1 17.Qxe1 Nxd4 18.Kg1 Nc2 19.Qe4 Nxa1 20.Ng5 g6 21.Nxf7 Qe7 22.
Nd8+ Kg7 23.Qd4+ Qe5 24.Bh6+ Kf6 25.Qf2+ Qf5 26.Qd4+ Qe5 27.Bg5+ Kg7 28.
Qf2 Qxd5 29.Bh6+ 1-0

[Event "Malmo Open 2022"]
[Site "Malmo SWE"]
[Date "2022.12.16"]
[Round "2.8"]
[White "Wahlgreen, Noah Krug"]
[Black "Olsen, Filip Boe"]
[Result "1/2-1/2"]
[WhiteElo "1971"]
[BlackElo "2424"]
[ECO "B12"]
[TimeControl "15 minutes + 5 seconds per move from move one (Round 1 - 4) / 90 minutes + 30 seconds per move from move one (Round 5 - 8)"]
[BlackTitle "IM"]
[WhiteFideId "1457349"]
[BlackFideId "1440640"]

1.e4 c6 2.d4 d5 3.e5 Bf5 4.Nd2 e6 5.Nb3 Nd7 6.Nf3 a6 7.Be2 c5 8.dxc5 Nxc5 
9.Be3 Rc8 10.Nfd4 Be4 11.O-O Na4 12.Qc1 Ne7 13.f3 Bg6 14.f4 Nf5 15.Nxf5 
Bxf5 16.Nd4 Be4 17.Bf3 Bxf3 18.Rxf3 Bc5 19.f5 Qb6 20.c3 Bxd4 21.Bxd4 Qxb2 
22.Qxb2 Nxb2 23.fxe6 fxe6 24.Rb1 Na4 25.Rxb7 Rf8 26.Rxg7 Rxf3 27.gxf3 Rc4 
28.Rxh7 Nxc3 29.Bxc3 Rxc3 30.Kg2 Rc2+ 31.Kg3 Rxa2 32.h4 Re2 33.Kf4 d4 34.
Ra7 Ra2 35.Ke4 a5 36.h5 Rh2 37.Kxd4 Rxh5 38.Rxa5 Rh1 39.Ra8+ Ke7 40.Ra7+ 
Kf8 41.Kc5 Rd1 42.f4 Rd5+ 43.Kc6 Rd4 44.Rd7 Rxf4 45.Kd6 Rh4 46.Kxe6 Rh6+ 
47.Kd5 Ke8 48.Ra7 Rb6 49.e6 Rb1 50.Ra8+ Ke7 51.Ra7+ Ke8 52.Ra8+ Ke7 53.
Ra7+ 1/2-1/2

[Event "Malmo Open 2022"]
[Site "Malmo SWE"]
[Date "2022.12.16"]
[Round "2.9"]
[White "Brynell, Stellan"]
[Black "Svensson, Leif"]
[Result "1-0"]
[WhiteElo "2388"]
[BlackElo "2027"]
[ECO "D06"]
[TimeControl "15 minutes + 5 seconds per move from move one (Round 1 - 4) / 90 minutes + 30 seconds per move from move one (Round 5 - 8)"]
[WhiteTitle "GM"]
[WhiteFideId "1700219"]
[BlackFideId "1702459"]

1.d4 d5 2.Nf3 Bf5 3.c4 e6 4.Nc3 Nf6 5.cxd5 exd5 6.Bg5 Nc6 7.e3 Be7 8.Bd3 
Bxd3 9.Qxd3 O-O 10.O-O Re8 11.Bxf6 Bxf6 12.Qb5 Ne7 13.Qxb7 Qd7 14.Qb3 Rab8
15.Qc2 Nc6 16.Rac1 Re6 17.b3 g5 18.Na4 Nb4 19.Qxc7 Qxc7 20.Rxc7 Nxa2 21.
Rxa7 Rc6 22.Nc5 Nc3 23.h3 Ne4 24.Nxe4 dxe4 25.Nd2 1-0

[Event "Malmo Open 2022"]
[Site "Malmo SWE"]
[Date "2022.12.16"]
[Round "2.10"]
[White "Johansson, Roland"]
[Black "Golubka, Petro"]
[Result "0-1"]
[WhiteElo "1958"]
[BlackElo "2378"]
[ECO "B00"]
[TimeControl "15 minutes + 5 seconds per move from move one (Round 1 - 4) / 90 minutes + 30 seconds per move from move one (Round 5 - 8)"]
[BlackTitle "GM"]
[WhiteFideId "1716123"]
[BlackFideId "14114224"]

1.e4 b6 2.d4 Bb7 3.Nc3 e6 4.f3 d5 5.exd5 exd5 6.Bf4 c6 7.Bd3 Bd6 8.Qd2 
Qh4+ 9.g3 Bxf4 10.Qe2+ Qe7 11.gxf4 Na6 12.O-O-O Qxe2 13.Ngxe2 Nb4 14.Bf5 
Ne7 15.Bh3 f5 16.a3 Na6 17.Rde1 Kf7 18.Nd1 c5 19.Nf2 c4 20.Nc3 Nc7 21.Re5 
g6 22.Ree1 Nc6 23.Ne2 b5 24.c3 a5 25.Kd2 b4 26.axb4 axb4 27.Ra1 b3 28.Rhc1
Rhb8 29.Nd1 Bc8 30.Ne3 Be6 31.Bf1 Ne8 32.Bg2 Nd6 33.Bf1 Ne7 34.Bh3 Ndc8 
35.Bf1 Nb6 36.Rcb1 Bd7 37.Bh3 Bc6 38.Bf1 Nec8 39.Bh3 Nd6 40.Bf1 Na4 41.Kc1
Ra7 42.Kd2 Rba8 43.Ke1 Nb6 44.Rxa7+ Rxa7 45.Kd2 Nb5 46.Kc1 Ke6 47.Ng1 Kd6 
48.Nh3 h6 49.Nf2 Bd7 50.Kd2 Be6 51.Nfd1 g5 52.fxg5 f4 53.Ng4 Bf5 54.Rc1 
hxg5 55.Ne5 Ra2 56.Nf7+ Kc7 57.Nxg5 Na4 58.Bh3 Nxb2 59.Nxb2 Rxb2+ 60.Ke1 
Bxh3 61.Nxh3 Rxh2 62.Nxf4 b2 0-1

[Event "Malmo Open 2022"]
[Site "Malmo SWE"]
[Date "2022.12.16"]
[Round "3.1"]
[White "Hansen, Lars"]
[Black "Galperin, Platon"]
[Result "0-1"]
[WhiteElo "2229"]
[BlackElo "2530"]
[ECO "B06"]
[TimeControl "15 minutes + 5 seconds per move from move one (Round 1 - 4) / 90 minutes + 30 seconds per move from move one (Round 5 - 8)"]
[BlackTitle "GM"]
[WhiteFideId "1402528"]
[BlackFideId "14165414"]

1.e4 g6 2.d4 d6 3.Nc3 Bg7 4.Be3 a6 5.h4 h6 6.Qd2 Nd7 7.O-O-O b5 8.f3 Bb7 
9.g4 Ngf6 10.Nh3 e6 11.Kb1 Nb6 12.b3 Nfd7 13.Nf2 Rc8 14.Ne2 c5 15.c3 a5 
16.Nc1 Bc6 17.Bg2 a4 18.f4 axb3 19.axb3 h5 20.f5 gxf5 21.gxf5 exf5 22.dxc5
dxc5 23.Bg5 Qc7 24.Rhe1 Kf8 25.Bf4 Be5 26.Bh6+ Rxh6 27.Qxh6+ Bg7 28.Qe3 f4
29.Qh3 Qe5 30.Kc2 b4 31.Qd3 Kg8 32.Bh3 Bb5 33.Qf3 c4 34.Rd4 cxb3+ 35.Nxb3 
Rxc3+ 0-1

[Event "Malmo Open 2022"]
[Site "Malmo SWE"]
[Date "2022.12.16"]
[Round "3.2"]
[White "Hillarp, Tiger"]
[Black "Pedersen, Daniel Vesterbaek"]
[Result "1-0"]
[WhiteElo "2523"]
[BlackElo "2212"]
[ECO "E36"]
[TimeControl "15 minutes + 5 seconds per move from move one (Round 1 - 4) / 90 minutes + 30 seconds per move from move one (Round 5 - 8)"]
[WhiteTitle "GM"]
[BlackTitle "FM"]
[WhiteFideId "1700812"]
[BlackFideId "1402161"]

1.d4 Nf6 2.c4 e6 3.Nc3 Bb4 4.Qc2 d5 5.a3 Bxc3+ 6.Qxc3 O-O 7.Nf3 dxc4 8.
Qxc4 b6 9.h4 Ba6 10.Qc2 c5 11.dxc5 bxc5 12.h5 h6 13.g4 Nxg4 14.Rg1 f5 15.
Bh3 Nd7 16.Bxg4 fxg4 17.Rxg4 Rxf3 18.Bxh6 Rf7 19.O-O-O Qf6 20.Rg6 Qf5 21.
Qxf5 exf5 22.Rdg1 Bxe2 23.Rxg7+ Rxg7 24.Rxg7+ Kh8 25.Rxd7 Bxh5 26.Be3 c4 
27.Bxa7 Kg8 28.Bd4 Bf7 29.Kd2 Kf8 30.Kc3 Rb8 31.Bc5+ Kg7 32.Bb4 Kf6 33.a4 
Rh8 34.Kd4 Rh2 35.Rd6+ Be6 36.Bc3 Rh4+ 37.Kc5+ Ke7 38.a5 f4 39.Rd4 Rh5+ 
40.Kb6 Bd7 1-0

[Event "Malmo Open 2022"]
[Site "Malmo SWE"]
[Date "2022.12.16"]
[Round "3.3"]
[White "Frisk, Ellinor"]
[Black "Sorensen, Hampus"]
[Result "0-1"]
[WhiteElo "2187"]
[BlackElo "2442"]
[ECO "A09"]
[TimeControl "15 minutes + 5 seconds per move from move one (Round 1 - 4) / 90 minutes + 30 seconds per move from move one (Round 5 - 8)"]
[WhiteTitle "WIM"]
[BlackTitle "IM"]
[WhiteFideId "1708481"]
[BlackFideId "8703884"]

1.Nf3 d5 2.c4 e6 3.g3 dxc4 4.Qa4+ Nd7 5.Qxc4 a6 6.Bg2 b5 7.Qc2 Bb7 8.O-O 
Ngf6 9.a4 c5 10.axb5 axb5 11.Rxa8 Qxa8 12.d3 Be7 13.Nc3 Bc6 14.Ne1 Nd5 15.
Nxd5 Bxd5 16.Bxd5 exd5 17.d4 c4 18.Qf5 Qc6 19.Nf3 O-O 20.Bf4 Ra8 21.h4 Qe6
22.Qc2 Qg6 23.Qd2 h6 24.Kh2 Ra2 25.Qc1 Qf5 26.Rg1 Nf6 27.Kg2 Qe4 28.Qb1 
Qxb1 29.Rxb1 Ne4 30.Ne5 b4 31.f3 Nf6 32.Nc6 Bf8 33.Kf2 Nd7 34.Ke1 Nb6 35.
Bd2 b3 36.Bc3 Na4 37.Kd2 Ba3 38.e4 dxe4 39.fxe4 Nxb2 40.Bxb2 Bxb2 41.d5 
c3+ 42.Kd3 c2 43.Rf1 c1=Q 44.Rxc1 Bxc1 45.Nb4 Rd2+ 46.Kc4 b2 0-1